 Dungeon Crawl Stone Soup version 0.27-a0-1065-ge809cff456 (webtiles) character file.

Game seed: 12507336644344355999

2770 kae the Ruffian (level 9, -1/88 HPs)
             Began as a Yellow Draconian Transmuter on Apr 22, 2021.
             Was an Initiate of Ru.
             Slain by a two-headed ogre
             ... wielding a +0 giant club
              (17 damage)
             ... on level 7 of the Dungeon.
             The game lasted 00:05:44 (8071 turns).

kae the Ruffian (Yellow Draconian Transmuter)       Turns: 8071, Time: 00:05:45

Health: -1/88      AC:  6    Str: 14    XL:     9   Next: 42%
Magic:  12/15      EV: 11    Int: 15    God:    Ru [......]
Gold:   253        SH:  0    Dex: 12    Spells: 9/17 levels left

rFire    x . .     SeeInvis .     - Unarmed
rCold    + + +     Faith    .   (shield currently unavailable)
rNeg     . . .     Spirit   .   (armour unavailable)
rPois    +         Reflect  .   (helmet currently unavailable)
rElec    .         Harm     .   (cloak currently unavailable)
rCorr    .         Rampage  .   (gloves currently unavailable)
Will     .....                  (boots currently unavailable)
Stlth    +.........             n - amulet of regeneration
HPRegen  1.24/turn              l - ring of wizardry
MPRegen  0.14/turn              a - ring of poison resistance

@: ice-form, weak-willed
A: freezing attack, amphibious, boosted hp, (spit acid), AC +7, large, unfitting
armour, (cold-blooded), (acid resistance)
a: End Transformation, Renounce Religion


You were on level 7 of the Dungeon.
You worshipped Ru.
Ru was noncommittal.
You were a creature of crystalline ice.
You visited 2 branches of the dungeon, and saw 8 of its levels.

You collected 285 gold pieces.
You spent 32 gold pieces at shops.

Inventory:

Missiles
 e - a throwing net
Armour
 d - a +1 cloak (melded)
Jewellery
 a - a ring of poison resistance (right front paw)
 c - an amulet of guardian spirit
 l - a ring of wizardry (left front paw)
 n - an amulet of regeneration (around neck)
 u - a +6 ring of intelligence
 w - a +6 ring of intelligence
 x - a +6 ring of dexterity
Scrolls
 m - a scroll of enchant weapon
 r - 2 scrolls of magic mapping
 t - a scroll of vulnerability
 v - a scroll of identify
 y - a scroll of amnesia
Potions
 b - a potion of might
 f - 2 potions of invisibility {unknown}
 g - 3 potions of flight {unknown}
 i - 5 potions of degeneration {unknown}
 j - 4 potions of curing {unknown}
 k - a potion of berserk rage {unknown}
 o - a potion of haste {unknown}
 p - 3 potions of brilliance {unknown}
 q - a potion of resistance {unknown}
 s - a potion of attraction {unknown}


   Skills:
 + Level 5.0 Fighting
 + Level 4.4 Dodging
 * Level 7.1 Unarmed Combat
 + Level 4.5 Spellcasting
 * Level 6.7 Transmutations
 - Level 4.0 Ice Magic
 - Level 2.0 Poison Magic


You had 9 spell levels left.
You knew the following spells:

 Your Spells              Type           Power      Damage    Failure   Level
a - Beastly Appendage     Tmut           46%        N/A       1%          1
b - Spider Form           Tmut/Pois      8%         N/A       3%          3
c - Ice Form              Ice/Tmut       19%        N/A       8%          4

Your spell library contained the following spells:

 Spells                   Type           Power      Damage    Failure   Level
 Wereblood                Tmut           23%        N/A       1%          2
 Animate Skeleton         Necr           6%         N/A       7%          1
 Foxfire                  Conj/Fire      12%        2x1d4     7%          1
 Pain                     Necr           12%        1d4       7%          1
 Hydra Form               Tmut           11%        N/A       12%         5
 Conjure Flame            Conj/Fire      3%         6-21      21%         3
 Inner Flame              Hex/Fire       3%         N/A       21%         3
 Vampiric Draining        Necr           1%         2d6       21%         3
 Animate Dead             Necr           1%         N/A       52%         4
 Sticky Flame             Conj/Fire      3%         2d3       52%         4
 Agony                    Necr           3%         N/A       86%         5
 Fireball                 Conj/Fire      1%         3d3       86%         5


Dungeon Overview and Level Annotations

Branches:
Dungeon (7/15)             Temple (1/1) D:5

Altars:
Ashenzari
Cheibriados
Dithmenos
Elyvilon
Fedhas
Gozag
Hepliaklqana
Kikubaaqudgha
Nemelex Xobeh
Okawaru
Qazlal
Ru
Sif Muna
Trog
Uskayaw
Vehumet
Wu Jian
Xom
Yredelemnul
Zin
The Shining One
Beogh

Shops:
D:7 ?

Annotations:
D:7 exclusion: door, Prince Ribbit


Innate Abilities, Weirdness & Mutations

You are a creature of crystalline ice.
You have a powerful freezing melee attack.
You are amphibious.
Your maximum health is increased.
Your armour is entirely melded.
You are incapable of wielding weapons or throwing items.
((You can spit globs of acid.))
((Your golden yellow scales are hard. (AC +7)))
You cannot fit into any form of body armour.
((You are cold-blooded and may be slowed by cold attacks.))
((You are resistant to acid. (rCorr)))


Message History

A two-headed ogre is nearby!
A two-headed ogre is nearby!
Your transformation is almost over.
As you read the scroll labelled YMISEO LUWKUAPE, it crumbles to dust.
Magic quickly surges around you.
It was a scroll of vulnerability.
You start waiting.
You warm up again.
Your +1 cloak unmelds from your body.
You start waiting.
A two-headed ogre is nearby!
Casting: Ice Form (dangerous; 8% risk of failure)
Confirm with . or Enter, or press ? or * to list all spells.
You turn into a creature of crystalline ice.
Your +1 cloak melds into your body.
The two-headed ogre shouts in stereo!
The two-headed ogre barely misses you. x2
You hit the two-headed ogre but do no damage.
You hit the two-headed ogre. You freeze the two-headed ogre.
The two-headed ogre is lightly wounded.
The two-headed ogre hits you with a +0 giant club!
The two-headed ogre hits you with a +0 giant spiked club!!
You hit the two-headed ogre. You freeze the two-headed ogre.
The two-headed ogre is moderately wounded.
The two-headed ogre closely misses you.
The two-headed ogre hits you with a +0 giant spiked club!!
You are too injured to fight recklessly!
You are too injured to fight recklessly!
You are too injured to fight recklessly!
You hit the two-headed ogre but do no damage.
The two-headed ogre is moderately wounded.
You punch the two-headed ogre! You freeze the two-headed ogre.
The two-headed ogre is severely wounded.
The two-headed ogre hits you with a +0 giant club!!
The two-headed ogre barely misses you.
You hit the two-headed ogre but do no damage.
The two-headed ogre is severely wounded.
The two-headed ogre hits you with a +0 giant club!
* * * LOW HITPOINT WARNING * * *
The two-headed ogre hits you with a +0 giant spiked club!
You die...

#).# #.⌠.._._..⌠.#.......... #[.
#..W.W...⌠..#.#.#.#####
###'####..lF).⌠..##.#.#..# #
##..c..###yFyyy..##..#.##.# #
##.....O.###yy...##..##.##.# #
##...####O.####+###...##.##.####
#..###..###.#... #.#.##......##
#.##......###.### #.#.##........
+.....#O.[..'(#Y# #....>......##
###......##.#)#O# #.#####.....#
#.###..###..#...# #.# #..(..#
###..####...########.# ##.####
..##.......##........# #.#
...##.....##..######## #.#
....###†###...# #.#####
###.........#.# #......
####..#####.#.# #####.#


You could see a two-headed ogre.

Vanquished Creatures
  Menkaure (D:4)
  An acid dragon (D:7)
  2 water moccasins
  An orc warrior (D:6)
  A sky beast (D:7)
  3 necrophages
  5 ogres
  A centaur (D:6)
  2 phantoms
  A scorpion (D:6)
  3 bullfrogs (D:7)
  5 wights (D:6)
  A bullfrog zombie (D:5)
  An orc priest (D:6)
  5 hounds
  2 centaur skeletons (D:5)
  2 bullfrog skeletons
  An iguana (D:5)
  6 orc wizards
  6 adders
  4 gnolls (D:5)
  2 howler monkey skeletons
  A white imp (D:5)
  An ufetubus (D:5)
  3 worms (D:3)
  4 dart slugs
  34 orcs
  7 endoplasms
  5 giant cockroaches
  11 goblins
  7 hobgoblins
  4 jackals (D:4)
  6 kobolds
  4 quokkas
  7 ball pythons
  3 bats (D:2)
  2 frilled lizards
  10 rats
165 creatures vanquished.

Notes
Turn   | Place    | Note
-------+----------+-------------------------------------------
     0 | D:1      | kae the Draconian Transmuter began the quest for the Orb.
     0 | D:1      | Reached XP level 1. HP: 16/16 MP: 3/3
   231 | D:1      | Reached XP level 2. HP: 19/23 MP: 3/5
   964 | D:1      | Reached XP level 3. HP: 21/28 MP: 3/6
  2126 | D:2      | Reached XP level 4. HP: 26/36 MP: 3/7
  2713 | D:3      | Found a faded altar of an unknown god.
  3226 | D:3      | Learned a level 3 spell: Spider Form
  3231 | D:3      | Learned a level 4 spell: Ice Form
  3287 | D:4      | Noticed a phantom
  3487 | D:4      | Killed a phantom
  3488 | D:4      | Reached skill level 4 in Unarmed Combat
  3488 | D:4      | Reached XP level 5. HP: 36/41 MP: 4/8
  3669 | D:4      | Noticed a necrophage
  3685 | D:4      | Reached skill level 1 in Ice Magic
  3685 | D:4      | Reached skill level 1 in Poison Magic
  3692 | D:4      | Killed a necrophage
  3693 | D:4      | Reached XP level 6. HP: 44/50 MP: 2/10
  3766 | D:4      | Noticed Menkaure
  3775 | D:4      | Killed Menkaure
  4296 | D:5      | Entered Level 5 of the Dungeon
  4383 | D:5      | Your scales start taking on a golden yellow colour.
  4383 | D:5      | Reached XP level 7. HP: 56/56 MP: 6/11
  4383 | D:5      | Gained mutation: You are resistant to acid. (rCorr) [Yellow
                  | Draconian growth]
  4795 | D:5      | Found a staircase to the Ecumenical Temple.
  4810 | Temple   | Entered the Ecumenical Temple
  5147 | Temple   | Became a worshipper of Ru the Awakened
  5359 | D:5      | Reached skill level 5 in Unarmed Combat
  5641 | D:5      | Reached XP level 8. HP: 63/63 MP: 6/13
  5760 | D:5      | Reached skill level 5 in Transmutations
  6547 | D:6      | Reached skill level 6 in Unarmed Combat
  6834 | D:6      | Found a runed translucent door.
  7178 | D:6      | Reached XP level 9. HP: 51/72 MP: 11/15
  7364 | D:7      | Noticed Prince Ribbit
  7516 | D:7      | Found Hitt's Magic Scroll Shop.
  7524 | D:7      | Bought a scroll of identify for 32 gold pieces
  7733 | D:7      | Found a glowing silver altar of Zin.
  7733 | D:7      | Found a stormy altar of Qazlal.
  7921 | D:7      | Noticed a two-headed ogre
  7921 | D:7      | Noticed a two-headed ogre
  7929 | D:7      | Reached skill level 7 in Unarmed Combat
  7933 | D:7      | Found an opulent altar of Gozag.
  7933 | D:7      | Found a blossoming altar of Fedhas.
  8019 | D:7      | Reached skill level 5 in Fighting
  8071 | D:7      | Slain by a two-headed ogre

Illustrated notes

Levels and vault maps discovered:
D:1:      wander_arrival_peaceful_grave, layout_loops_corners
D:2:      layout_loops_ring
D:3:      layout_rooms, gup_sewer_entry_spiral,
          hellmonk_ecumenical_altar_slurped_away, st_stairs_3, minivault_11
D:4:      layout_rooms, chequers_serial_rivers_micro_d, uniq_menkaure
D:5:      layout_basic, minmay_temple_entry_statues_pillars,
          minmay_fractal_squares_gapless_5
D:6:      layout_loops_ring, lightli_church_of_beogh
D:7:      minmay_the_grid_octo_tiled_squarecenter [minmay_the_grid_octo_shrine,
          minmay_the_grid_octo_odd_swirl, minmay_the_grid_octo_focus,
          minmay_the_grid_octo_concentric,
          minmay_the_grid_square_5x5_megaprize_diamond,
          minmay_the_grid_square_5x5_shrine2, minmay_the_grid_square_5x5_spiral,
          minmay_the_grid_square_5x5_corner,
          minmay_the_grid_square_5x5_one_wall], layout_loops_ring, serial_shops,
          shop, uniq_crazy_yiuf_cottage, uniq_prince_ribbit1
Temple:   regret_index_temple_sigil_plot

Skill      XL: |  1  2  3  4  5  6  7  8  9 |
---------------+----------------------------+-----
Dodging        | 2 3 4 |  4.4
Transmutations | 3 4 6 |  6.7
Fighting       | 2 3 4 5 |  5.0
Unarmed Combat | 4 5 6 7 |  7.1
Ice Magic      | 1 2 3 4 |  4.0
Poison Magic   | 1 2 |  2.0
Spellcasting   | 3 4 |  4.5

Action                   |  1- 3 |  4- 6 |  7- 9 || total
-------------------------+-------+-------+-------++-------
Melee: Unarmed           |   127 |   128 |   268 ||   523
       Headbutt          |     7 |     4 |       ||    11
       Kick              |    16 |    12 |       ||    28
       Tailslap          |     6 |     8 |     4 ||    18
       Punch             |       |     4 |     1 ||     5
 Cast: Beastly Appendage |    22 |    12 |       ||    34
       Ice Form          |       |     5 |    24 ||    29
       Spider Form       |       |     5 |     4 ||     9
Invok: Reject Sacrifices |       |       |     1 ||     1
 Abil: End Transformatio |       |     1 |       ||     1
       Breathe Acid      |       |       |     3 ||     3
  Use: Scroll            |     3 |     5 |     6 ||    14
 Stab: Sleeping          |     1 |       |       ||     1
Armor: Skin              |    47 |    20 |    83 ||   150
Dodge: Dodged            |    82 |    69 |   139 ||   290

Table legend: (Time is in decaauts)
 A = Elapsed time spent in this place.
 B = Non-inter-level travel time spent in this place.
 C = Inter-level travel time spent in this place.
 D = Time resting spent in this place.
 E = Time spent auto-exploring this place.
 F = Levels seen in this place.
 G = Mean time per level.
                   A        B        C        D        E       F      G
               +--------+--------+--------+--------+--------+-----+--------+
         Total |   8064 |   7817 |    247 |    251 |   6307 |   8 | 1008.0 |
       Dungeon |   7705 |   7501 |    204 |    251 |   5994 |   7 | 1100.7 |
        Temple |    358 |    315 |     43 |      0 |    313 |   1 |  358.0 |
               +--------+--------+--------+--------+--------+-----+--------+

Top non-repeatable levels by time:
     D:5: 1659 daAuts
     D:1: 1317 daAuts
     D:3: 1149 daAuts
     D:2: 1036 daAuts
     D:6: 959 daAuts
     D:4: 814 daAuts
     D:7: 768 daAuts
  Temple: 358 daAuts
